NCAA
GEORGETOWN HOYAS @ KENTUCKY WILDCATS
04/13/2028
 
TOP OF THE 1ST
Georgetown Hoyas batting - Pitching for Kentucky Wildcats : RHP Pedro Flores
Pitching: RHP Pedro Flores
Batting: RHB Mitchell Pate 0-0: Ball
1-0: Ground out 3-1 (Groundball, 34)
Batting: RHB Terry Davis 0-0: Ball
1-0: Ball
2-0: Ball
3-0: Called Strike
3-1: Foul Ball, location: 2F
3-2: Base on Balls
Batting: LHB Pedro Escobar 0-0: Ball
1-0: Ball
2-0: Called Strike
2-1: SINGLE (Groundball, 34D)
Terry Davis to second
Runner from 2nd tries for 3rd, SAFE, throw made to third
Batting: RHB Glenn Rojas 0-0: Ball
1-0: Grounds into double play, 4-6-3 (Groundball, 4M)
Top of the 1st over - 0 run(s), 1 hit(s), 0 error(s), 1 left on base; Georgetown 0 - Kentucky 0
BOTTOM OF THE 1ST
Kentucky Wildcats batting - Pitching for Georgetown Hoyas : LHP Jack Mathews
Pitching: LHP Jack Mathews
Batting: RHB Lewis Childress 0-0: Reached on error, E6 (Groundball, 56)
Batting: LHB Matt Taylor 0-0: Swinging Strike
0-1: Ball
1-1: Called Strike
1-2: Ball
2-2: Foul Ball, location: 2F
2-2: Fly out, F4 (Popup, 4S)
Batting: RHB Pat Johnston 0-0: Ball
1-0: Called Strike
1-1: Foul Ball, location: 2F
1-2: Fly out, F7 (Flyball, 7S)
Batting: LHB Mark Sanders 0-0: Ball
1-0: Swinging Strike
1-1: Ball
2-1: Called Strike
2-2: Strikes out swinging
Bottom of the 1st over - 0 run(s), 0 hit(s), 1 error(s), 1 left on base; Georgetown 0 - Kentucky 0
TOP OF THE 2ND
Georgetown Hoyas batting - Pitching for Kentucky Wildcats : RHP Pedro Flores
Batting: RHB Alex Hampton 0-0: Swinging Strike
0-1: Ball
1-1: Ball
2-1: SINGLE (Groundball, 6MD)
Batting: SHB Bob Allen 0-0: Ball
1-0: Foul Ball, location: 2F
1-1: Foul Ball, location: 2F
1-2: Foul Ball, location: 2F
1-2: Strikes out swinging
Batting: RHB Louis Miller 0-0: Ball
1-0: Foul Ball, location: 2F
1-1: Ball
2-1: Foul Ball, location: 2F
2-2: Ball
3-2: Foul Ball, location: 2F
3-2: DOUBLE (Line Drive, 78M)
Alex Hampton to third
Batting: RHB Earl Chase 0-0: Ball
1-0: SINGLE (Groundball, 6D)
Alex Hampton scores
Louis Miller to third
Batting: RHB Bruce Foley 0-0: Swinging Strike
0-1: Called Strike
0-2: Ground out 5-3 (Groundball, 5S)
Louis Miller scores
Earl Chase to second
Batting: RHB Mitchell Pate 0-0: Ball
1-0: Called Strike
1-1: Ball
2-1: Swinging Strike
2-2: Ball
3-2: Foul Ball, location: 2F
Error on foul ball, E3
3-2: Strikes out swinging
Top of the 2nd over - 2 run(s), 3 hit(s), 1 error(s), 1 left on base; Georgetown 2 - Kentucky 0
BOTTOM OF THE 2ND
Kentucky Wildcats batting - Pitching for Georgetown Hoyas : LHP Jack Mathews
Batting: RHB Haywood Young 0-0: Ground out U3 (Groundball, 34)
Batting: RHB Jacob Burke 0-0: Ball
1-0: Swinging Strike
1-1: Called Strike
1-2: Strikes out swinging
Batting: SHB Eduardo Luna 0-0: Ball
1-0: Foul Ball, location: 2F
1-1: Ball
2-1: Ball
3-1: SINGLE (Line Drive, 56D)
Batting: RHB Andy Johnston 0-0: Ball
Wild Pitch!
Eduardo Luna to second
1-0: Ball
2-0: Foul Ball, location: 2F
2-1: Swinging Strike
2-2: Foul Ball, location: 2F
2-2: SINGLE (Groundball, 4D)
Eduardo Luna to third
Batting: SHB Russ Beasley 0-0: Called Strike
0-1: SINGLE (Line Drive, 34D)
Eduardo Luna scores
Andy Johnston to second
Batting: RHB Lewis Childress 0-0: Ball
1-0: Foul Ball, location: 2F
1-1: Foul Ball, location: 2F
1-2: Foul Ball, location: 2F
1-2: Ball
2-2: Fielders Choice at 2nd, 4-6 (Groundball, 4)
Bottom of the 2nd over - 1 run(s), 3 hit(s), 0 error(s), 1 left on base; Georgetown 2 - Kentucky 1
TOP OF THE 3RD
Georgetown Hoyas batting - Pitching for Kentucky Wildcats : RHP Pedro Flores
Batting: RHB Terry Davis 0-0: Ball
1-0: Called Strike
1-1: Ball
2-1: Ball
3-1: Foul Ball, location: 2F
3-2: Base on Balls
Batting: LHB Pedro Escobar 0-0: SINGLE (Groundball, 4MD)
Terry Davis to second
Batting: RHB Glenn Rojas 0-0: Ball
1-0: Swinging Strike
1-1: Ball
2-1: Foul Ball, location: 2F
2-2: Foul Ball, location: 2F
2-2: Foul Ball, location: 2F
2-2: Foul Ball, location: 2F
2-2: Foul Ball, location: 2F
2-2: Ball
3-2: Base on Balls
Terry Davis to third
Pedro Escobar to second
Batting: RHB Alex Hampton 0-0: Called Strike
0-1: Ball
1-1: Swinging Strike
1-2: Strikes out swinging
Batting: SHB Bob Allen 0-0: Ball
1-0: Called Strike
1-1: Ball
2-1: Foul Ball, location: 2F
2-2: Ball
3-2: SINGLE (Groundball, 34D)
Terry Davis scores
Pedro Escobar to third
Glenn Rojas to second
Runner from 3rd tries for Home, SAFE, no throw
Batting: RHB Louis Miller 0-0: Ball
1-0: Ball
2-0: Called Strike
2-1: Called Strike
2-2: Foul Ball, location: 2F
2-2: Foul Ball, location: 2F
2-2: Foul Ball, location: 2F
2-2: Grounds into double play, 5-4-3 (Groundball, 56)
Top of the 3rd over - 2 run(s), 2 hit(s), 0 error(s), 1 left on base; Georgetown 4 - Kentucky 1
BOTTOM OF THE 3RD
Kentucky Wildcats batting - Pitching for Georgetown Hoyas : LHP Jack Mathews
Batting: LHB Matt Taylor 0-0: Foul Ball, location: 2F
0-1: Ball
1-1: Foul Ball, location: 2F
1-2: Foul Ball, location: 2F
1-2: Strikes out swinging
Batting: RHB Pat Johnston 0-0: Ground out 5-3 (Groundball, 56)
Batting: LHB Mark Sanders 0-0: Ball
1-0: Called Strike
1-1: Foul Ball, location: 2F
1-2: Ball
2-2: Ball
3-2: Base on Balls
Batting: RHB Haywood Young 0-0: Ball
1-0: Ball
2-0: 2-RUN HOME RUN (Flyball, 8LXD), Distance : 397 ft
Batting: RHB Jacob Burke 0-0: Ball
1-0: Fly out, F2 (Popup, 25)
Bottom of the 3rd over - 2 run(s), 1 hit(s), 0 error(s), 0 left on base; Georgetown 4 - Kentucky 3
TOP OF THE 4TH
Georgetown Hoyas batting - Pitching for Kentucky Wildcats : RHP Pedro Flores
Batting: RHB Earl Chase 0-0: Single, Error in OF, E7, batter to second base
Batting: RHB Bruce Foley 0-0: Called Strike
0-1: Ball
1-1: Ball
2-1: Foul Ball, location: 2F
2-2: Ball
3-2: Base on Balls
Pitching: RHP Jack Davis
Batting: RHB Mitchell Pate 0-0: Ball
1-0: Called Strike
1-1: Ball
2-1: 3-RUN HOME RUN (Flyball, 7LD), Distance : 325 ft
Batting: RHB Terry Davis 0-0: Called Strike
0-1: Foul Ball, location: 2F
0-2: Strikes out swinging
Batting: LHB Pedro Escobar 0-0: Ball
1-0: Ball
2-0: Ball
3-0: Base on Balls
Batting: RHB Glenn Rojas 0-0: Called Strike
0-1: Ball
1-1: Fly out, F8 (Flyball, 8LS)
Batting: RHB Alex Hampton 0-0: Called Strike
0-1: Foul Ball, location: 2F
0-2: Ball
Pedro Escobar steals 2nd base
1-2: Foul Ball, location: 2F
1-2: Strikes out swinging
Top of the 4th over - 3 run(s), 2 hit(s), 1 error(s), 1 left on base; Georgetown 7 - Kentucky 3
BOTTOM OF THE 4TH
Kentucky Wildcats batting - Pitching for Georgetown Hoyas : LHP Jack Mathews
Batting: SHB Eduardo Luna 0-0: Called Strike
0-1: Ball
1-1: Foul Ball, location: 2F
1-2: Foul Ball, location: 2F
1-2: Strikes out looking
Batting: RHB Andy Johnston 0-0: Swinging Strike
0-1: Ball
1-1: Ball
2-1: Ball
3-1: Base on Balls
Batting: SHB Russ Beasley 0-0: Ball
1-0: Ball
2-0: Called Strike
2-1: Called Strike
2-2: Ball
3-2: Base on Balls
Andy Johnston to second
Batting: RHB Lewis Childress 0-0: Ball
1-0: Swinging Strike
1-1: Ball
2-1: Swinging Strike
2-2: Strikes out looking
Batting: LHB Matt Taylor 0-0: Ball
1-0: Called Strike
1-1: Ball
2-1: Foul Ball, location: 2F
2-2: Foul Ball, location: 2F
2-2: Foul Ball, location: 2F
2-2: Ball
3-2: Ground out 1-3 (Groundball, P)
Bottom of the 4th over - 0 run(s), 0 hit(s), 0 error(s), 2 left on base; Georgetown 7 - Kentucky 3
TOP OF THE 5TH
Georgetown Hoyas batting - Pitching for Kentucky Wildcats : RHP Jack Davis
Batting: SHB Bob Allen 0-0: Ball
1-0: Called Strike
1-1: Swinging Strike
1-2: Ball
2-2: Foul Ball, location: 2F
2-2: Ball
3-2: Foul Ball, location: 2F
3-2: Ground out U3 (Groundball, 34)
Batting: RHB Louis Miller 0-0: Ball
1-0: Foul Ball, location: 2F
1-1: Ball
2-1: Swinging Strike
2-2: Ball
3-2: Base on Balls
Batting: RHB Earl Chase 0-0: Swinging Strike
0-1: Ball
1-1: Fly out, F8 (Line Drive, 8RM)
Batting: RHB Bruce Foley 0-0: Called Strike
0-1: Ball
1-1: SINGLE (Flyball, 7LM)
Louis Miller to second
Batting: RHB Mitchell Pate 0-0: Ball
1-0: Called Strike
1-1: Ball
2-1: Ball
3-1: Base on Balls
Louis Miller to third
Bruce Foley to second
Batting: RHB Terry Davis 0-0: Fielders Choice at 2nd, 5-4 (Groundball, 5)
Top of the 5th over - 0 run(s), 1 hit(s), 0 error(s), 2 left on base; Georgetown 7 - Kentucky 3
BOTTOM OF THE 5TH
Kentucky Wildcats batting - Pitching for Georgetown Hoyas : LHP Jack Mathews
Pitching: RHP Rob Mullins
Batting: RHB Pat Johnston 0-0: Called Strike
0-1: Swinging Strike
0-2: Strikes out swinging
Batting: LHB Mark Sanders 0-0: Ball
1-0: Ball
2-0: Ball
3-0: Base on Balls
Batting: RHB Haywood Young 0-0: Grounds into double play, 4-6-3 (Groundball, 4)
Bottom of the 5th over - 0 run(s), 0 hit(s), 0 error(s), 0 left on base; Georgetown 7 - Kentucky 3
TOP OF THE 6TH
Georgetown Hoyas batting - Pitching for Kentucky Wildcats : RHP Jack Davis
Batting: LHB Pedro Escobar 0-0: Called Strike
0-1: Swinging Strike
0-2: Ball
1-2: Strikes out swinging
Batting: RHB Glenn Rojas 0-0: Ball
1-0: Ball
2-0: Ball
3-0: Called Strike
3-1: Base on Balls
Pitching: LHP Eric O'Gahan
Batting: RHB Alex Hampton 0-0: Called Strike
0-1: Ball
1-1: Called Strike
1-2: Ball
2-2: Foul Ball, location: 2F
2-2: Foul Ball, location: 2F
2-2: Foul Ball, location: 2F
2-2: Foul Ball, location: 2F
2-2: Ball
3-2: Fly out, F7 (Flyball, 78S)
Batting: SHB Bob Allen 0-0: SINGLE (Line Drive, 4MD)
Glenn Rojas to second
Batting: RHB Louis Miller 0-0: Swinging Strike
0-1: SINGLE (Groundball, 4D)
Glenn Rojas to third
Bob Allen to second
Runner from 3rd tries for Home, SAFE, throw made at trailing runner, OUT at third!
Top of the 6th over - 1 run(s), 2 hit(s), 0 error(s), 1 left on base; Georgetown 8 - Kentucky 3
BOTTOM OF THE 6TH
Kentucky Wildcats batting - Pitching for Georgetown Hoyas : RHP Rob Mullins
Batting: RHB Jacob Burke 0-0: Ball
1-0: Called Strike
1-1: Foul Ball, location: 2F
1-2: Ball
2-2: Foul Ball, location: 2F
2-2: Foul Ball, location: 2F
2-2: Foul Ball, location: 2F
2-2: Ground out 5-3 (Groundball, 5D)
Batting: SHB Eduardo Luna 0-0: Foul Ball, location: 2F
0-1: Foul Ball, location: 2F
0-2: Ball
1-2: Ball
2-2: Strikes out swinging
Batting: RHB Andy Johnston 0-0: Ball
1-0: Reached on error, E8 (Flyball, 8LM)
Batting: SHB Russ Beasley 0-0: Ball
1-0: Hit by Pitch
Batting: RHB Lewis Childress 0-0: Swinging Strike
0-1: Ball
1-1: SINGLE (Line Drive, 7S)
Andy Johnston to third
Russ Beasley to second
Runner from 3rd tries for Home, SAFE, no throw
Batting: LHB Matt Taylor 0-0: Ball
1-0: Foul Ball, location: 2F
1-1: Ball
2-1: Called Strike
2-2: Fielders Choice at 2nd, 4-6 (Groundball, 34)
Bottom of the 6th over - 1 run(s), 1 hit(s), 1 error(s), 1 left on base; Georgetown 8 - Kentucky 4
TOP OF THE 7TH
Georgetown Hoyas batting - Pitching for Kentucky Wildcats : LHP Eric O'Gahan
Batting: RHB Earl Chase 0-0: Called Strike
0-1: Ball
1-1: Foul Ball, location: 2F
1-2: Ball
2-2: Ball
3-2: Foul Ball, location: 2F
3-2: Foul Ball, location: 2F
3-2: Fly out, F8 (Flyball, 8RM)
Batting: RHB Bruce Foley 0-0: Ball
1-0: Ball
2-0: Called Strike
2-1: Ball
3-1: Fly out, F8 (Flyball, 8LM)
Batting: RHB Mitchell Pate 0-0: Called Strike
0-1: Swinging Strike
0-2: SOLO HOME RUN (Flyball, 78XD), Distance : 367 ft
Batting: RHB Terry Davis 0-0: Foul Ball, location: 2F
0-1: Ball
1-1: Called Strike
1-2: Ball
2-2: SOLO HOME RUN (Flyball, 7D), Distance : 359 ft
Batting: LHB Pedro Escobar 0-0: Called Strike
0-1: SOLO HOME RUN (Flyball, 89XD), Distance : 383 ft
Batting: RHB Glenn Rojas 0-0: Ball
1-0: Called Strike
1-1: Ball
2-1: Foul Ball, location: 2F
2-2: Strikes out looking
Top of the 7th over - 3 run(s), 3 hit(s), 0 error(s), 0 left on base; Georgetown 11 - Kentucky 4
BOTTOM OF THE 7TH
Kentucky Wildcats batting - Pitching for Georgetown Hoyas : RHP Rob Mullins
Batting: RHB Pat Johnston 0-0: Swinging Strike
0-1: Swinging Strike
0-2: Ball
1-2: Foul Ball, location: 2F
1-2: Ball
2-2: Fly out, F7 (Flyball, 78M)
Batting: LHB Mark Sanders 0-0: Ball
1-0: Swinging Strike
1-1: Called Strike
1-2: Foul Ball, location: 2F
1-2: SINGLE (Groundball, 4D)
Batting: RHB Haywood Young 0-0: Swinging Strike
0-1: Ball
1-1: Ball
2-1: Ball
3-1: Grounds into double play, 6-4-3 (Groundball, 6)
Bottom of the 7th over - 0 run(s), 1 hit(s), 0 error(s), 0 left on base; Georgetown 11 - Kentucky 4
TOP OF THE 8TH
Georgetown Hoyas batting - Pitching for Kentucky Wildcats : LHP Eric O'Gahan
Pitching: RHP Bryant Hatcher
Batting: RHB Alex Hampton 0-0: Ball
1-0: Swinging Strike
1-1: Ball
2-1: Called Strike
2-2: Strikes out swinging
Batting: SHB Bob Allen 0-0: Ground out 6-3 (Groundball, 6)
Batting: RHB Louis Miller 0-0: Ball
1-0: Ball
2-0: Called Strike
2-1: Called Strike
2-2: Ball
3-2: Base on Balls
Batting: RHB Earl Chase Pickoff Throw to First - Out!
Top of the 8th over - 0 run(s), 0 hit(s), 0 error(s), 0 left on base; Georgetown 11 - Kentucky 4
BOTTOM OF THE 8TH
Kentucky Wildcats batting - Pitching for Georgetown Hoyas : RHP Rob Mullins
Batting: RHB Jacob Burke 0-0: SOLO HOME RUN (Flyball, 78XD), Distance : 388 ft
Batting: SHB Eduardo Luna 0-0: Called Strike
0-1: Called Strike
0-2: Foul Ball, location: 2F
0-2: Ball
1-2: Foul Ball, location: 2F
1-2: Foul Ball, location: 2F
1-2: Strikes out swinging
Pitching: RHP Jerry Thomas
Batting: RHB Andy Johnston 0-0: Swinging Strike
0-1: Ground out 6-3 (Groundball, 6)
Batting: SHB Russ Beasley 0-0: Called Strike
0-1: Ball
1-1: Ground out U3 (Groundball, 3)
Bottom of the 8th over - 1 run(s), 1 hit(s), 0 error(s), 0 left on base; Georgetown 11 - Kentucky 5
TOP OF THE 9TH
Georgetown Hoyas batting - Pitching for Kentucky Wildcats : RHP Bryant Hatcher
Batting: RHB Earl Chase 0-0: Foul Ball, location: 2F
0-1: Foul Ball, location: 2F
0-2: Ball
1-2: Strikes out swinging
Batting: RHB Bruce Foley 0-0: Swinging Strike
0-1: Foul Ball, location: 2F
0-2: Foul Ball, location: 2F
0-2: Ball
1-2: Ground out 6-3 (Groundball, 6)
Batting: RHB Mitchell Pate 0-0: Ball
1-0: Ball
2-0: Ball
3-0: Base on Balls
Batting: RHB Terry Davis 0-0: Ball
1-0: Foul Ball, location: 2F
1-1: Ball
2-1: Swinging Strike
2-2: Foul Ball, location: 2F
2-2: SINGLE (Line Drive, 7)
Mitchell Pate to second
Batting: LHB Pedro Escobar 0-0: Swinging Strike
0-1: Swinging Strike
0-2: Strikes out looking
Top of the 9th over - 0 run(s), 1 hit(s), 0 error(s), 2 left on base; Georgetown 11 - Kentucky 5
BOTTOM OF THE 9TH
Kentucky Wildcats batting - Pitching for Georgetown Hoyas : RHP Jerry Thomas
Now in RF: Alex Vasser
Batting: RHB Lewis Childress 0-0: Called Strike
0-1: Fly out, F8 (Flyball, 8LM)
Batting: LHB Matt Taylor 0-0: Called Strike
0-1: Ball
1-1: Foul Ball, location: 2F
1-2: Fly out, F8 (Flyball, 8LS)
Batting: RHB Pat Johnston 0-0: Ground out 6-3 (Groundball, 6)
Bottom of the 9th over - 0 run(s), 0 hit(s), 0 error(s), 0 left on base; Georgetown 11 - Kentucky 5
Tuesday, August 8th, 2017 - OOTP Baseball 17.12 Build 75